 Dungeon Crawl Stone Soup version 0.20.1-1-g8b1a95d (webtiles) character file.

773 Principatus the Magician (level 7, -6/36 HPs)
             Began as a Deep Elf Wizard on Aug 1, 2017.
             Killed from afar by Principatus's ghost (13 damage)
             ... with a puff of flame
             ... on level 4 of the Dungeon.
             The game lasted 00:23:29 (4962 turns).

Principatus the Magician (Deep Elf Wizard)          Turns: 4962, Time: 00:23:29

Health: -6/36      AC:  3    Str:  4    XL:     7   Next: 53%
Magic:  9/25       EV: 14    Int: 25    God:
Gold:   342        SH:  0    Dex: 13    Spells: 5/16 levels left

rFire    . . .     SeeInvis .   d - +0 rapier
rCold    . . .     Gourm    .   (no shield)
rNeg     . . .     Faith    .   a - +0 robe
rPois    .         Spirit   .   b - +0 hat
rElec    .         Reflect  .   (no cloak)
rCorr    .         Harm     .   p - +0 pair of gloves
MR       .....                  (no boots)
Stlth    ++........             (no amulet)
Regen    0.2/turn               s - ring of magical power
MPRegen  0.2/turn               y - ring of flight

@: no status effects
A: no striking features
a: Evoke Flight


You were on level 4 of the Dungeon.
You were not hungry.

You visited 1 branch of the dungeon, and saw 5 of its levels.

You collected 342 gold pieces.

Inventory:

Hand Weapons
 d - a +0 rapier (weapon)
 x - a +0 short sword
Missiles
 e - 7 needles of confusion
 l - 22 poisoned needles
Armour
 a - a +0 robe (worn)
 b - a +0 hat (worn)
 p - a +0 pair of gloves (worn)
Jewellery
 s - a ring of magical power (left hand)
 y - a ring of flight (right hand)
Wands
 B - a wand of lightning (3/15)
 C - a wand of acid (11/15)
Scrolls
 h - 2 scrolls of recharging
 k - a scroll of teleportation {unknown}
 n - 2 scrolls of remove curse
 q - a scroll of enchant weapon {unknown}
 u - a scroll of blinking {unknown}
Potions
 i - 2 potions of haste {unknown}
 j - a potion of resistance {unknown}
 o - 2 potions of might
 r - a potion of magic {unknown}
 t - a potion of ambrosia {unknown}
 v - a potion of berserk rage {unknown}
 w - 3 potions of flight {unknown}
 z - a potion of curing {unknown}
 A - a potion of agility {unknown}
Books
 c - a book of Minor Magic

   Spells                             Type                      Level
   a - Magic Dart                     Conjuration                  1
   b - Blink                          Translocation                2
   c - Call Imp                       Summoning                    2
   d - Slow                           Hexes                        2
   e - Conjure Flame                  Conjuration/Fire             3
   f - Mephitic Cloud                 Conjuration/Poison/Air       3
Comestibles
 f - 3 meat rations
 g - 7 royal jellies
 m - a fruit
 D - a bread ration


   Skills:
 + Level 5.0 Dodging
 - Level 2.6 Stealth
 - Level 5.0 Spellcasting
 * Level 4.7 Conjurations
 - Level 1.1 Summonings
 - Level 1.1 Translocations
 + Level 3.7 Fire Magic
 - Level 2.4 Air Magic
 + Level 3.6 Poison Magic


You had 5 spell levels left.
You knew the following spells:

 Your Spells              Type           Power        Failure   Level  Hunger
a - Magic Dart            Conj           ####         1%          1    None
b - Call Imp              Summ           ##......     8%          2    None
c - Blink                 Tloc           N/A          8%          2    None
d - Conjure Flame         Conj/Fire      ####....     4%          3    ##.....
e - Mephitic Cloud        Conj/Pois/Air  ###.....     5%          3    ##.....


Dungeon Overview and Level Annotations

Branches:
Dungeon (5/15)
 Temple: D:4-7

Altars:

Annotations:
D:4 Principatus's ghost, amateur DrFE
D:5 1 runed door, Eustachio


Message History

Aiming: Magic Dart
Press: ? - help, Shift-Dir - straight line, f/p - Principatus's ghost
Aim: Principatus's ghost (flame, severely damaged)
The magic dart hits the orc.
You kill the orc!
Principatus's ghost is engulfed in blazing flames.
Principatus's ghost shrieks, "I have seen your future, and it is all used up."
Casting: Magic Dart
Confirm with . or Enter, or press ? or * to list all spells.
Aiming: Magic Dart
Press: ? - help, Shift-Dir - straight line, f/p - Principatus's ghost
Aim: Principatus's ghost (almost destroyed)
The magic dart hits Principatus's ghost.
Principatus's ghost is almost destroyed.
Principatus's ghost gestures at you while chanting.
The puff of flame hits you!
* * * LOW HITPOINT WARNING * * *
Principatus's ghost points at you and mumbles some strange words.
The puff of flame hits you!
You die...

##.≈≈≈...≈.≈.##÷#
###≈..≈.≈≈..###.# # ###....≈###
#.# ##### # ###########.# ##...##
#.........# ##.....## ###
#######.#.## ###.......####
..###########.#..###o............
#.................W§§#......#####
.....########.##@######.....#
####.##### #.##..# #.W>...#
#.....####.###.####......#####
#####....#...#................
####.###..###........#####
#..###......##...##
######....###.#..##.#######
##...).###.....)#..#....#...
##.......####.#..............


You could see an orc priest and Principatus's ghost.

Vanquished Creatures
  2 ice beasts (D:5)
  An ogre (D:4)
  The ghost of cba the Covered, an amateur TeFi of Uskayaw (D:3)
  A scorpion (D:4)
  A jelly (D:5)
  A hound (D:4)
  2 orc wizards (D:5)
  2 worker ants (D:4)
  3 adders
  A shadow imp (D:5)
  An adder zombie (D:5)
  3 worms
  2 leopard geckos (D:2)
  6 orcs
  2 ball pythons
  4 giant cockroaches
  3 goblins
  9 hobgoblins
  9 jackals
  A quokka (D:3)
  7 bats
  2 frilled lizards
  8 kobolds
  12 rats
84 creatures vanquished.

Vanquished Creatures (collateral kills)
  A scorpion (D:3)
  A howler monkey (D:4)
  Ijyb (D:5)
  A worker ant (D:4)
  4 gnolls (D:2)
  A quokka (D:3)
9 creatures vanquished.

Vanquished Creatures (others)
  10 fungi (D:4)
10 creatures vanquished.

Grand Total: 103 creatures vanquished

Notes
Turn   | Place    | Note
-------+----------+-------------------------------------------
     0 | D:1      | Principatus the Deep Elf Wizard began the quest for the Orb.
     0 | D:1      | Reached XP level 1. HP: 10/10 MP: 7/7
   254 | D:1      | Reached XP level 2. HP: 15/15 MP: 2/9
   732 | D:2      | Learned a level 2 spell: Call Imp
   735 | D:2      | Learned a level 2 spell: Blink
  1130 | D:2      | Reached XP level 3. HP: 14/19 MP: 2/11
  1417 | D:2      | Reached skill level 5 in Spellcasting
  1465 | D:2      | Learned a level 3 spell: Conjure Flame
  1469 | D:2      | Learned a level 3 spell: Mephitic Cloud
  1755 | D:2      | Reached skill level 1 in Fire Magic
  1755 | D:2      | Reached skill level 1 in Poison Magic
  1755 | D:2      | Reached XP level 4. HP: 18/24 MP: 5/13
  2069 | D:3      | Noticed cba's ghost (amateur TeFi)
  2435 | D:3      | Reached skill level 1 in Air Magic
  2435 | D:3      | Reached XP level 5. HP: 16/28 MP: 7/14
  2846 | D:3      | Killed cba's ghost
  3149 | D:4      | Reached XP level 6. HP: 29/32 MP: 15/15
  3290 | D:4      | Noticed Principatus's ghost (amateur DrFE)
  4028 | D:5      | Entered Level 5 of the Dungeon
  4055 | D:5      | Noticed Eustachio
  4119 | D:5      | Noticed Ijyb
  4132 | D:5      | Killed Ijyb
  4430 | D:5      | Reached XP level 7. HP: 36/36 MP: 16/16
  4770 | D:5      | Reached skill level 5 in Dodging
  4855 | D:5      | Found a runed door.
  4962 | D:4      | Killed from afar by Principatus's ghost

Skill      XL: |  1  2  3  4  5  6  7 |
---------------+----------------------+-----
Conjurations   | 2 3 4 |  4.7
Dodging        | 3 4 5 |  5.0
Spellcasting   | 5 |  5.0
Fire Magic     | 1 2 3 |  3.7
Poison Magic   | 1 2 3 |  3.6
Air Magic      | 1 2 |  2.4
Stealth        | |  2.6
Summonings     | |  1.1
Translocations | |  1.1

Action                   |  1- 3 |  4- 6 |  7- 9 || total
-------------------------+-------+-------+-------++-------
Melee: Unarmed           |     2 |       |       ||     2
 Cast: Magic Dart        |   107 |   142 |    54 ||   303
       Blink             |     1 |     1 |       ||     2
       Call Imp          |     6 |    16 |       ||    22
       Conjure Flame     |       |     3 |     5 ||     8
       Mephitic Cloud    |       |     1 |       ||     1
  Use: Scroll            |       |     5 |       ||     5
  Eat: Chunk             |     2 |     6 |       ||     8
       Bread ration      |       |     1 |       ||     1
Armor: Robe              |     1 |     6 |       ||     7
Dodge: Dodged            |    17 |    36 |     8 ||    61
